 Dungeon Crawl Stone Soup version 0.23.2-30-g0e89c35649 (webtiles) character file.

Game seed: 8018900487512367561

7856 ohad the Martial Artist (level 11, -3/88 HPs)
             Began as an Octopode Transmuter on June 8, 2019.
             Was an Initiate of Gozag.
             Killed from afar by an electric eel (13 damage)
             ... with a bolt of electricity
             ... on level 10 of the Dungeon.
             The game lasted 00:29:24 (11891 turns).

ohad the Martial Artist (Octopode Transmuter)      Turns: 11891, Time: 00:29:25

Health: -3/88      AC:  6    Str: 15    XL:     11   Next: 21%
Magic:  16/17      EV: 14    Int: 20    God:    Gozag
Gold:   529        SH:  0    Dex: 12    Spells: 4/19 levels left

rFire    x . .     SeeInvis .     - Unarmed
rCold    + + +     Gourm    .   (shield currently unavailable)
rNeg     . . .     Faith    .   (helmet currently unavailable)
rPois    +         Spirit   .   e - amulet of magic regeneration
rElec    .         Reflect  .   d - +2 ring of intelligence
rCorr    .         Harm     .   h - +4 ring of strength
MR       .....                  s - ring of stealth
Stlth    +++.......             (no ring)
HPRegen  0.24/turn              (no ring)
MPRegen  0.40/turn              (no ring)
                                (no ring)
                                (no ring)

@: ice-form
A: large, almost no armour, stealthy swim, amphibious, 8 rings, (constrict 8)
a: End Transformation, Potion Petition, Call Merchant, Bribe Branch, Renounce
Religion


You were on level 10 of the Dungeon.
You worshipped Gozag.
Gozag was pleased with you.
You were not hungry.
You were a creature of crystalline ice.
You visited 2 branches of the dungeon, and saw 11 of its levels.
You also visited: Ossuary.

You collected 1653 gold pieces.
You spent 330 gold pieces at shops.
You paid 794 gold pieces to Gozag.

Inventory:

Hand Weapons
 m - a +1 whip of electrocution
 t - a +1 blowgun
 B - the +9 arbalest "Pendulum" {freeze, MP+9, unknown}
   (You found it on level 5 of the Dungeon)

   It causes projectiles fired from it to freeze those they strike, causing
   extra injury to most foes and up to half again as much damage against
   particularly susceptible opponents.
   They can also slow down cold-blooded creatures.
   It affects your magic capacity (+9).
 M - a +0 dagger of venom
Missiles
 a - 91 arrows
 o - 84 bolts
 r - 2 tomahawks of returning (quivered)
 u - 41 poisoned needles
 G - 2 javelins
 N - 7 throwing nets
Armour
 C - a +2 shield
 E - a +0 buckler
 I - a +2 hat
Jewellery
 d - a +2 ring of intelligence (left front paw)
 e - an amulet of magic regeneration (around neck)
 h - a +4 ring of strength (right front paw)
 s - a ring of stealth (on tentacle)
 v - an uncursed ring of fire
 P - a +2 amulet of reflection
Wands
 q - a wand of paralysis (17)
 w - a wand of flame (34)
 y - a wand of digging (7)
 z - a wand of iceblast (8)
 O - a wand of acid (12)
Scrolls
 f - a scroll of blinking
 i - 4 scrolls of teleportation
 j - 11 scrolls of remove curse
 k - 4 scrolls of identify
 n - a scroll of fog
 p - a scroll of immolation
 x - 4 scrolls of amnesia
 D - 3 scrolls of magic mapping
 F - a scroll of enchant armour
 H - 2 scrolls of fear
 K - a scroll of silence
 L - a scroll of enchant weapon
Potions
 b - 3 potions of degeneration
 g - 8 potions of curing
 l - 4 potions of flight
 A - a potion of brilliance
 J - 2 potions of resistance
 Q - 2 potions of lignification
 R - a potion of might
 T - a potion of haste
Comestibles
 c - 10 rations


   Skills:
 * Level 6.6 Fighting
 * Level 8.5 Dodging
 - Level 3.2 Stealth
 + Level 11.1 Unarmed Combat
 - Level 4.5 Spellcasting
 - Level 4.9 Transmutations
 - Level 3.5 Ice Magic


You had 4 spell levels left.
You knew the following spells:

 Your Spells              Type           Power        Failure   Level  Hunger
a - Beastly Appendage     Tmut           ###...       1%          1    None
b - Sticks to Snakes      Tmut           ###.....     2%          2    #......
c - Spider Form           Tmut/Pois      ##........   13%         3    ##.....
d - Ice Form              Ice/Tmut       ###.....     22%         4    ####...
e - Blade Hands           Tmut           ###.......   41%         5    ######.

Your spell library contained the following spells:

 Spells                   Type           Power        Failure   Level  Hunger


Dungeon Overview and Level Annotations

Branches:
Dungeon (10/15)            Temple (1/1) D:5            Lair (0/6) D:9
    Orc: D:9-12

Altars:
Ashenzari
Dithmenos
Elyvilon
Fedhas
Gozag
Hepliaklqana
Kikubaaqudgha
Makhleb
Nemelex Xobeh
Okawaru
Qazlal
Ru
Sif Muna
Uskayaw
Vehumet
Wu Jian
Xom
Yredelemnul
Zin
The Shining One

Shops:
D:9 !

Annotations:
D:9 2 transporters, Errno's ghost, novice TrFi


Innate Abilities, Weirdness & Mutations

You cannot wear most types of armour.
You are very stealthy in the water. (Stealth+)
You are amphibious.
You can wear up to eight rings at the same time.
((You can use your tentacles to constrict eight enemies at once.))
((Your skin changes colour to match your surroundings (Stealth+).))
((Your rubbery body absorbs attacks. (AC +1, EV +1)))


Message History

The electric eel shoots out a bolt of lightning at you!
The bolt of electricity hits the electric eel.
The electric eel completely resists.
The bolt of electricity misses you.
The electric eel shoots out a bolt of lightning at you!
The bolt of electricity misses you.
Unknown command.
The electric eel shoots out a bolt of lightning at you!
The bolt of electricity hits the electric eel.
The electric eel completely resists.
The bolt of electricity hits you!
* * * LOW HITPOINT WARNING * * *
Unknown command.
The electric eel shoots out a bolt of lightning at you!
The bolt of electricity hits you!
* * * LOW HITPOINT WARNING * * *
There is a stone staircase leading up here.
The electric eel shoots out a bolt of lightning at you!
The bolt of electricity misses the electric eel.
The bolt of electricity hits you!
You die...
Your body crumbles into a pile of gold.

.....#.
#.......
#.#...# ##.....
# #....# .#
#....#+#.#
#........# .
#Y.......#.#
#..........#
#...;≈≈≈≈#.# $
#..≈≈≈≈≈≈≈..
#.;≈≈≈≈≈≈≈.#
#≈≈≈≈≈≈≈≈≈..
....≈≈;≈≈≈≈≈≈.#
.#.#.≈≈≈≈≈≈≈≈##
#....≈≈≈≈≈≈≈..


You could see 3 electric eels.

Vanquished Creatures
  Gastronok (D:8)
  Harold (D:8)
  Pikel (D:8)
  Prince Ribbit (D:8)
  A spriggan (D:7)
  2 yaks (D:9)
  2 porcupines (D:9)
  A slave (D:8)
  An orc warrior (D:6)
  4 sky beasts
  2 phantoms
  2 black bears (D:9)
  5 ogres
  4 centaurs
  2 crocodiles (D:9)
  A big kobold (D:7)
  3 bullfrogs
  2 scorpions (D:6)
  6 killer bees (D:9)
  An electric eel (D:10)
  3 howler monkeys
  5 centaur zombies
  4 crimson imps
  A human zombie (Ossuary)
  2 bullfrog skeletons
  7 orc priests
  4 hounds
  2 jellies (D:10)
  A centaur skeleton (D:9)
  A gnoll shaman (D:9)
  An iguana (D:4)
  13 orc wizards
  10 worker ants
  A killer bee zombie (D:5)
  A hound skeleton (D:7)
  2 mummies (Ossuary)
  A worker ant zombie (D:9)
  Robin (D:3)
  8 gnolls
  10 adders
  A shadow imp (D:9)
  An adder zombie (Ossuary)
  An adder skeleton (D:5)
  4 worms
  3 dart slugs
  5 leopard geckos
  34 orcs
  4 giant cockroaches
  9 hobgoblins
  17 jackals
  10 kobolds
  2 quokkas
  2 ball pythons
  5 bats
  5 frilled lizards
  20 goblins
  2 goblin zombies (Ossuary)
  8 hobgoblin zombies (Ossuary)
  13 kobold zombies (Ossuary)
  6 orc zombies (Ossuary)
  2 quokka skeletons
  A quokka zombie (D:5)
  5 rats
  A rat zombie (Ossuary)
282 creatures vanquished.

Vanquished Creatures (others)
  A slave (D:8)
  A bullfrog (D:8)
  A jackal (D:8)
  8 fungi (D:9)
  A plant (D:9)
12 creatures vanquished.

Grand Total: 294 creatures vanquished

Notes
Turn   | Place    | Note
-------+----------+-------------------------------------------
     0 | D:1      | ohad the Octopode Transmuter began the quest for the Orb.
     0 | D:1      | Reached XP level 1. HP: 13/13 MP: 3/3
   325 | D:1      | Reached XP level 2. HP: 18/18 MP: 5/5
   449 | D:1      | Reached skill level 4 in Unarmed Combat
   598 | D:1      | Reached XP level 3. HP: 23/23 MP: 4/6
   835 | D:1      | Learned a level 2 spell: Sticks to Snakes
   839 | D:1      | Learned a level 3 spell: Spider Form
   966 | D:1      | Reached XP level 4. HP: 15/28 MP: 3/7
  1194 | D:2      | Reached skill level 5 in Unarmed Combat
  1858 | D:2      | Found a burning altar of Makhleb.
  1895 | D:2      | Found a sparkling altar of Nemelex Xobeh.
  1896 | D:2      | Found a glowing golden altar of the Shining One.
  1903 | D:2      | Reached XP level 5. HP: 32/33 MP: 6/8
  2096 | D:2      | Found a stormy altar of Qazlal.
  2445 | D:3      | Found an iron altar of Okawaru.
  2692 | D:3      | Reached XP level 6. HP: 28/38 MP: 6/9
  2773 | D:3      | Noticed Robin
  2861 | D:3      | Killed Robin
  3113 | D:3      | Found a blossoming altar of Fedhas.
  3658 | D:3      | Found a shattered altar of Ashenzari.
  4052 | D:4      | Learned a level 4 spell: Ice Form
  4086 | D:4      | Reached XP level 7. HP: 38/45 MP: 4/11
  4230 | D:4      | Reached skill level 1 in Ice Magic
  4908 | D:5      | Entered Level 5 of the Dungeon
  4971 | D:5      | Found a staircase to the Ecumenical Temple.
  5016 | D:5      | Reached XP level 8. HP: 45/50 MP: 13/13
  5079 | Temple   | Entered the Ecumenical Temple
  5120 | Temple   | Became a worshipper of Gozag Ym Sagoz the Greedy
  5173 | D:5      | Found a sand-covered staircase.
  5180 | Ossuary  | Entered an ossuary
  5828 | D:5      | Reached skill level 1 in Stealth
  6197 | D:5      | Got a twisted arbalest
  6282 | D:5      | Found a shadowy altar of Dithmenos.
  6285 | D:5      | Found a basalt altar of Yredelemnul.
  6295 | D:5      | Found an iron altar of Okawaru.
  6560 | D:6      | Reached skill level 6 in Unarmed Combat
  7350 | D:6      | Reached XP level 9. HP: 56/56 MP: 11/15
  7661 | D:6      | Reached skill level 5 in Dodging
  7727 | D:6      | Reached skill level 7 in Unarmed Combat
  8837 | D:7      | Found a shadowy altar of Dithmenos.
  9137 | D:8      | Noticed Gastronok
  9142 | D:8      | Noticed Pikel
  9163 | D:8      | Killed Pikel
  9163 | D:8      | Reached skill level 8 in Unarmed Combat
  9175 | D:8      | Killed Gastronok
  9175 | D:8      | Reached skill level 5 in Fighting
  9175 | D:8      | Reached skill level 9 in Unarmed Combat
  9175 | D:8      | Reached XP level 10. HP: 23/68 MP: 16/16
  9176 | D:8      | Noticed Prince Ribbit
  9369 | D:8      | Killed Prince Ribbit
  9505 | D:8      | Found an ancient bone altar of Kikubaaqudgha.
 10002 | D:8      | Noticed Harold
 10024 | D:8      | Killed Harold
 10024 | D:8      | Reached skill level 10 in Unarmed Combat
 10028 | D:8      | You fall through a shaft for 2 floors!
 10028 | D:10     | Entered Level 10 of the Dungeon
 10125 | D:10     | Noticed a two-headed ogre
 10667 | D:9      | Found a staircase to the Lair.
 10673 | D:9      | Reached XP level 11. HP: 73/73 MP: 17/17
 11263 | D:9      | Found a transporter.
 11263 | D:9      | Noticed Errno's ghost (novice TrFi)
 11290 | D:9      | Found a transporter.
 11315 | D:9      | Reached skill level 11 in Unarmed Combat
 11460 | D:9      | Learned a level 5 spell: Blade Hands
 11870 | D:9      | Bought a potion of might for 60 gold pieces
 11870 | D:9      | Bought a potion of curing for 45 gold pieces
 11870 | D:9      | Bought a potion of heal wounds for 75 gold pieces
 11870 | D:9      | Bought a potion of haste for 150 gold pieces
 11891 | D:10     | Killed from afar by an electric eel

Skill      XL: |  1  2  3  4  5  6  7  8  9 10 11 |
---------------+----------------------------------+-----
Unarmed Combat | 4 5 6 9 10 11 | 11.1
Dodging        | 4 7 8 |  8.5
Fighting       | 2 3 5 6 |  6.6
Transmutations | 3 4 |  4.9
Ice Magic      | 3 |  3.5
Spellcasting   | 3 4 |  4.5
Stealth        | 3 |  3.2

Action                   |  1- 3 |  4- 6 |  7- 9 | 10-12 || total
-------------------------+-------+-------+-------+-------++-------
Melee: Unarmed           |    48 |   162 |   345 |   183 ||   738
       Constrict         |    16 |    31 |    31 |     2 ||    80
       Tentacles         |    12 |    16 |    25 |     1 ||    54
       Kick              |     6 |    18 |     6 |       ||    30
       Punch             |     1 |     2 |     4 |     1 ||     8
 Cast: Beastly Appendage |     5 |    17 |     5 |       ||    27
       Spider Form       |     2 |    11 |     9 |       ||    22
       Sticks to Snakes  |       |       |     5 |     3 ||     8
       Ice Form          |       |       |    14 |    16 ||    30
Invok: Call Merchant     |       |       |       |     1 ||     1
  Use: Scroll            |       |       |    19 |     3 ||    22
       Potion            |       |       |     3 |     2 ||     5
 Stab: Sleeping          |     4 |    10 |     8 |     8 ||    30
       Distracted        |       |       |     1 |       ||     1
  Eat: Chunk             |       |    12 |     6 |       ||    18
       Ration            |       |       |     5 |     3 ||     8
Armor: Skin              |     2 |    10 |    48 |    35 ||    95
Dodge: Dodged            |    33 |   115 |   231 |   107 ||   486
